[Event "Titled Tuesday Blitz February 28 Early 2023"]
[White "Svane, Rasmus"]
[Black "Toncheva, Nadya"]
[WhiteFideId "4657101"]
[BlackFideId "2924056"]
[WhiteElo "2597"]
[BlackElo "2101"]
[Result "1-0"]
[Round "01"]
[TimeControl "180+2"]
[Date "2023.02.28"]
[WhiteClock "0:00:59"]
[BlackClock "0:00:07"]

1. Nf3 c5 2. c4 Nc6 3. Nc3 g6 4. e3 Nf6 5. d4 cxd4 6. exd4 d5 7. cxd5 Nxd5 8. Qb3 Nxc3 9. Bc4 Nd5 10. Bxd5 e6 11. Bxc6+ bxc6 12. O-O Qd5 13. Qe3 Bg7 14. Bd2 O-O 15. Rfc1 Rd8 16. Rc5 Qd6 17. Bc3 Ba6 18. h4 h5 19. Re1 Rab8 20. Ne5 Rbc8 21. Ra5 Bxe5 22. dxe5 Qd3 23. Qxa7 Bc4 24. Qc5 Bd5 25. Ra7 Ra8 26. Rxa8 Rxa8 27. a3 Qf5 28. f3 Qf4 29. Qf2 Ra4 30. Bb4 Ra8 31. Bd2 Qf5 32. Qg3 Rb8 33. Bc3 Ra8 34. Kh2 Ra4 35. Rd1 Qc2 36. Rd2 Qf5 37. Rd4 Ra8 38. Rf4 Qd3 39. Qg5 Qc2 40. Qe7 Rf8 41. Bb4 c5 42. Bxc5 Rc8 43. Qxf7+ Kh8 44. Be7 1-0


[Site "https://www.chess.com"]

[Event "Titled Tuesday Blitz February 28 Early 2023"]
[White "Sokac, Marko"]
[Black "Babazada, Khazar"]
[WhiteFideId "14531356"]
[BlackFideId "13413554"]
[WhiteElo "2355"]
[BlackElo "2359"]
[Result "0-1"]
[Round "01"]
[TimeControl "180+2"]
[Date "2023.02.28"]
[WhiteClock "0:00:06"]
[BlackClock "0:00:25"]

1. e4 Nf6 2. Nc3 d5 3. e5 Nfd7 4. d4 e6 5. f4 c5 6. Nf3 Nc6 7. dxc5 a6 8. Bd3 Bxc5 9. a3 b5 10. Bd2 Bb7 11. Qe2 Nd4 12. Nxd4 Bxd4 13. Nd1 Bb6 14. c3 Qc7 15. Ne3 Nc5 16. Bc2 Ne4 17. Bxe4 dxe4 18. O-O Rd8 19. Rad1 O-O 20. Kh1 Rd3 21. Nc2 Rfd8 22. Nb4 R3d7 23. Bc1 a5 24. Nc2 Rd3 25. Be3 Bxe3 26. Nxe3 Qd7 27. Qg4 Qe7 28. f5 Rxd1 29. Rxd1 Rxd1+ 30. Qxd1 h6 31. Qd6 Qg5 32. Qb8+ Kh7 33. Qxb7 Qxe3 34. h3 Qc1+ 35. Kh2 Qf4+ 36. Kh1 e3 37. Qxb5 Qxf5 38. g4 Qf3+ 39. Kh2 Qf2+ 40. Kh1 e2 41. Qd3+ g6 0-1


[Site "https://www.chess.com"]

[Event "Titled Tuesday Blitz February 28 Early 2023"]
[White "Matlakov, Maxim"]
[Black "Real_taiatai"]
[WhiteFideId "4168003"]
[WhiteElo "2666"]
[BlackElo "2503"]
[Result "1-0"]
[Round "01"]
[TimeControl "180+2"]
[Date "2023.02.28"]
[WhiteClock "0:00:30"]
[BlackClock "0:00:14"]

1. d4 Nf6 2. c4 g6 3. Nc3 Bg7 4. g3 O-O 5. Bg2 d6 6. Nf3 Nc6 7. O-O Bd7 8. e4 e5 9. d5 Ne7 10. h3 h6 11. c5 b6 12. c6 Bc8 13. Re1 Nh7 14. Bd2 f5 15. exf5 gxf5 16. Nh4 f4 17. gxf4 Nf5 18. Nf3 exf4 19. Bxf4 Nh4 20. Nxh4 Rxf4 21. Ng6 Rf7 22. Qe2 Bf5 23. Ne7+ Kh8 24. Nxf5 Rxf5 25. Qe7 Re5 26. Rxe5 Bxe5 27. Qxd8+ Rxd8 28. Nb5 Rc8 29. Nxa7 Rg8 30. Nb5 Rg7 31. Rb1 Nf6 32. Kf1 Nh5 33. Be4 Nf4 34. Bf5 Nxd5 35. Bd7 Nb4 36. Nxc7 Nxc6 37. Bxc6 Rxc7 38. Be4 Rf7 39. Ke2 Bd4 40. f3 Rg7 41. Kd3 Be5 42. b4 Rg2 43. a4 Ra2 44. Bc6 Ra3+ 45. Kc4 Kg7 46. Kb5 Bd4 47. Rd1 Bc3 48. Rxd6 Rb3 49. Kc4 Bxb4 50. Rd7+ Kf6 51. Kxb3 1-0


[Site "https://www.chess.com"]

[Event "Titled Tuesday Blitz February 28 Early 2023"]
[White "Mammadzada, Gunay"]
[Black "Yilmaz, Mustafa"]
[WhiteFideId "13403729"]
[BlackFideId "6302718"]
[WhiteElo "2396"]
[BlackElo "2523"]
[Result "1-0"]
[Round "01"]
[TimeControl "180+2"]
[Date "2023.02.28"]
[WhiteClock "0:00:03"]
[BlackClock "0:00:01"]

1. e4 c5 2. Nf3 e6 3. d4 cxd4 4. Nxd4 Nc6 5. Nc3 Qc7 6. Be2 a6 7. Nxc6 Qxc6 8. Qd4 Qd6 9. Be3 Qxd4 10. Bxd4 Ne7 11. O-O-O Nc6 12. Be3 b5 13. f4 d6 14. Bf3 Bb7 15. Kb1 Be7 16. Ne2 Rc8 17. Rd2 O-O 18. e5 d5 19. g4 Rfe8 20. g5 Na5 21. b3 Bb4 22. Rdd1 Nc6 23. h4 Ne7 24. Ng3 Bc3 25. Rhf1 a5 26. Bg4 a4 27. Bd4 b4 28. Ne2 Ba6 29. Rf2 Bxe2 30. Rxe2 Nc6 31. Bxc3 bxc3 32. f5 axb3 33. axb3 Ra8 34. fxe6 fxe6 35. Rd3 Rf8 36. Re1 Nb4 37. Bxe6+ Kh8 38. Rxc3 Ra6 39. Bd7 Rfa8 40. Ba4 d4 41. Rc4 Nd5 42. Kb2 Nc3 43. e6 Kg8 44. e7 Nxa4+ 45. Rxa4 Rxa4 46. bxa4 Rb8+ 47. Ka3 Re8 48. Kb4 Kf7 49. a5 Rb8+ 50. Kc5 Ke8 51. a6 Rb2 52. a7 Rxc2+ 53. Kb6 Rb2+ 54. Kc7 Rc2+ 55. Kb7 Rb2+ 56. Kc8 Rc2+ 57. Kb8 Rb2+ 58. Ka8 d3 59. Rd1 d2 60. h5 Kxe7 61. g6 hxg6 62. hxg6 Kd6 63. Rf1 Kc5 64. Rd1 Kd4 65. Rf1 Ke3 66. Rh1 Ke2 67. Rh2+ Kd3 68. Rh3+ Kc2 69. Rh2 Kc1 70. Rh1+ Kc2 71. Rh2 Kb1 72. Rh1+ Ka2 73. Rd1 Ka3 74. Rg1 Kb3 75. Rf1 Kc2 76. Rf2 Kc1 77. Rf1+ Kc2 78. Rf2 1-0


[Site "https://www.chess.com"]

[Event "Titled Tuesday Blitz February 28 Early 2023"]
[White "Dominguez Perez, Leinier"]
[Black "ArchibaldCerveza29"]
[WhiteFideId "3503240"]
[WhiteElo "2647"]
[BlackElo "2502"]
[Result "1-0"]
[Round "01"]
[TimeControl "180+2"]
[Date "2023.02.28"]
[WhiteClock "0:00:11"]
[BlackClock "0:00:12"]

1. e4 e5 2. Nf3 Nc6 3. Bc4 Nf6 4. d3 Be7 5. O-O O-O 6. Re1 d6 7. a4 Na5 8. Ba2 c5 9. c3 Nc6 10. Na3 a6 11. Bd2 Rb8 12. b4 cxb4 13. cxb4 b5 14. axb5 axb5 15. Nc2 Be6 16. Bxe6 fxe6 17. h3 Nh5 18. g3 Qe8 19. Rf1 Qg6 20. Kh2 Rf7 21. Be3 Rbf8 22. Nce1 Nd4 23. Bxd4 exd4 24. Qe2 e5 25. Ra7 Qh6 26. Kg2 Qg6 27. Kh2 Qh6 28. Rb7 Kh8 29. Rxb5 g5 30. Ng1 Nxg3 31. Kxg3 Qh4+ 32. Kg2 g4 33. hxg4 h5 34. f4 Rxf4 35. Rxf4 Rxf4 36. Nef3 Qxg4+ 37. Kf1 h4 38. Qg2 Qe6 39. Rb8+ Kh7 40. Nh3 Rg4 41. Nhg5+ Bxg5 42. Nxg5+ Rxg5 43. Qxg5 Qf7+ 44. Qf5+ Qxf5+ 45. exf5 Kh6 46. Rb7 Kg5 47. f6 Kxf6 48. Rh7 Kg6 49. Rxh4 Kf5 50. b5 Ke6 51. b6 Kd7 52. Rh7+ Kc8 53. Rh6 Kd7 54. b7 Kc7 55. Rxd6 Kxb7 56. Re6 Kc7 57. Rxe5 Kd6 58. Re4 Kd5 59. Ke2 Kc5 60. Kf3 Kd5 61. Kf4 Kc5 62. Ke5 1-0


[Site "https://www.chess.com"]

[Event "Titled Tuesday Blitz February 28 Early 2023"]
[White "Martic, Ivan"]
[Black "Demchenko, Anton"]
[WhiteFideId "929301"]
[BlackFideId "4160258"]
[WhiteElo "2360"]
[BlackElo "2545"]
[Result "1-0"]
[Round "01"]
[TimeControl "180+2"]
[Date "2023.02.28"]
[WhiteClock "0:00:20"]
[BlackClock "0:00:01"]

1. e4 e5 2. Nf3 Nc6 3. d3 g6 4. c3 Bg7 5. Nbd2 Nge7 6. b4 O-O 7. Be2 a5 8. b5 Nb8 9. a4 d6 10. O-O Nd7 11. Ba3 b6 12. d4 Bb7 13. Re1 Re8 14. Bc4 exd4 15. Qb3 Rf8 16. cxd4 h6 17. Rad1 Qe8 18. e5 dxe5 19. dxe5 Nc5 20. Bxc5 bxc5 21. Ne4 Bxe4 22. Rxe4 Rd8 23. Ree1 Rxd1 24. Rxd1 Nf5 25. e6 fxe6 26. Bxe6+ Kh8 27. Bxf5 Rxf5 28. h3 Kh7 29. Qd3 Rf4 30. Re1 Qf7 31. Qc2 Qc4 32. Qb1 Qf7 33. Ne5 Bxe5 34. Rxe5 Rxf2 35. Qe1 Rf6 36. Re7 Rf1+ 37. Kh2 Rxe1 38. Rxf7+ Kg8 39. Rxc7 Rb1 40. Rxc5 Rb4 41. Rc7 Rb3 42. Kg1 Rb2 43. Ra7 h5 44. h4 Kf8 45. g3 Ke8 46. Rxa5 Ke7 47. Ra6 Kf7 48. b6 Ke6 49. a5 Ke5 50. Ra7 Ke4 51. Rf7 Kd5 52. b7 Kc6 53. a6 1-0


[Site "https://www.chess.com"]

[Event "Titled Tuesday Blitz February 28 Early 2023"]
[White "Sanal, Vahap"]
[Black "Belov, Alexei"]
[WhiteFideId "6300545"]
[BlackFideId "4128206"]
[WhiteElo "2605"]
[BlackElo "2501"]
[Result "1-0"]
[Round "01"]
[TimeControl "180+2"]
[Date "2023.02.28"]
[WhiteClock "0:02:23"]
[BlackClock "0:02:27"]

1. Nf3 Nf6 2. b3 e6 3. Bb2 d5 4. g3 Ke7 5. Bg2 g6 6. O-O Bg7 7. c4 c6 8. d4 Nbd7 9. Nc3 Re8 10. Ba3+ c5 11. dxc5 Qa5 12. Nb5 a6 13. c6+ 1-0


[Site "https://www.chess.com"]

[Event "Titled Tuesday Blitz February 28 Early 2023"]
[White "Golubev, Mikhail"]
[Black "Maghsoodloo, Parham"]
[WhiteFideId "14100983"]
[BlackFideId "12539929"]
[WhiteElo "2374"]
[BlackElo "2659"]
[Result "0-1"]
[Round "01"]
[TimeControl "180+2"]
[Date "2023.02.28"]
[WhiteClock "0:00:04"]
[BlackClock "0:00:48"]

1. e4 c5 2. Nf3 e6 3. d4 cxd4 4. Nxd4 Qc7 5. Nc3 Nc6 6. Be3 Nf6 7. Bd3 a6 8. O-O Be7 9. f4 d6 10. Qf3 Bd7 11. a4 O-O 12. Qg3 Rad8 13. Kh1 g6 14. Nxc6 Bxc6 15. f5 Qd7 16. Bh6 Rfe8 17. fxg6 fxg6 18. e5 Nh5 19. Qg4 Bf8 20. Bxg6 hxg6 21. Qxg6+ Ng7 22. Rf2 dxe5 23. Raf1 e4 24. Rf7 Re7 25. Bxg7 Rxf7 26. Bxf8+ Kxf8 27. Qh6+ Kg8 28. Rxf7 Kxf7 29. Qh7+ Kf8 30. Qh8+ Ke7 0-1


[Site "https://www.chess.com"]

[Event "Titled Tuesday Blitz February 28 Early 2023"]
[White "Kovalenko, Igor"]
[Black "Yurasova, Daria"]
[WhiteFideId "14117908"]
[BlackFideId "34146919"]
[WhiteElo "2574"]
[BlackElo "2134"]
[Result "1-0"]
[Round "01"]
[TimeControl "180+2"]
[Date "2023.02.28"]
[WhiteClock "0:02:06"]
[BlackClock "0:00:20"]

1. d4 d5 2. Nf3 Nf6 3. Bf4 Bf5 4. e3 e6 5. c4 c5 6. Nc3 Nc6 7. Rc1 Be7 8. dxc5 O-O 9. a3 Bxc5 10. b4 Be7 11. c5 a5 12. b5 Nb8 13. Na4 Ne4 14. Nd4 Ra7 15. Nxf5 exf5 16. f3 Nf6 17. Bd3 g6 18. O-O d4 19. Bc4 dxe3 20. Bxe3 Nbd7 21. c6 bxc6 22. Bxa7 1-0


[Site "https://www.chess.com"]

[Event "Titled Tuesday Blitz February 28 Early 2023"]
[White "Yaniuk, Volodymyr"]
[Black "Van Foreest, Jorden"]
[WhiteFideId "14133083"]
[BlackFideId "1039784"]
[WhiteElo "2141"]
[BlackElo "2633"]
[Result "1/2-1/2"]
[Round "01"]
[TimeControl "180+2"]
[Date "2023.02.28"]
[WhiteClock "0:00:02"]
[BlackClock "0:00:07"]

1. d4 Nf6 2. c4 e6 3. g3 c5 4. d5 exd5 5. cxd5 d6 6. Nc3 g6 7. Bg2 Bg7 8. Nf3 O-O 9. O-O Bf5 10. Nd2 Bd7 11. a4 Na6 12. Nc4 Ne8 13. Bf4 Qe7 14. Nb5 Bxb5 15. axb5 Nac7 16. Qb3 Be5 17. Be3 Ng7 18. Nxe5 Qxe5 19. Rfd1 Nf5 20. Bf4 Qxe2 21. b6 axb6 22. Qxb6 Rxa1 23. Rxa1 Ne8 24. Qxb7 Nf6 25. Qb6 Ne4 26. Rf1 Nd2 27. Bxd2 Qxd2 28. g4 Nd4 29. Qxd6 Qb4 30. h3 Ne2+ 31. Kh1 Nf4 32. Qc6 Rd8 33. d6 Qd4 34. Rc1 Qxf2 35. Qf3 Qxf3 36. Bxf3 Nd3 37. Rc2 Ne1 38. Rf2 Rxd6 39. Bb7 Kg7 40. Re2 Nd3 41. Kh2 Nf4 42. Rc2 Rd3 43. Bg2 Rb3 44. Bf1 Ne6 45. Bc4 Rb4 46. Bxe6 fxe6 47. Rxc5 Rxb2+ 48. Kg3 Rb3+ 49. Kg2 Kf6 50. g5+ Ke7 51. Ra5 Rd3 52. Ra7+ Rd7 53. Ra5 Rd5 54. Ra7+ Kd6 55. h4 h6 56. gxh6 Rh5 57. Kg3 Rxh6 58. Kg4 Ke5 59. Ra5+ Kf6 60. Rb5 Rh7 61. Rb8 Rc7 62. Rf8+ Kg7 63. Rf4 Rc5 64. Rb4 Kf6 65. Rf4+ Rf5 66. Ra4 Rf1 67. Ra8 Rg1+ 68. Kf4 e5+ 69. Ke4 Re1+ 70. Kf3 Rf1+ 71. Kg3 Rc1 72. Ra6+ Kf5 73. Ra3 Rf1 74. Ra8 Rg1+ 75. Kf3 Rh1 76. Kg3 Rc1 77. Kf3 Rc3+ 78. Ke2 Kf4 79. Rh8 Rh3 80. Kf2 Rh2+ 81. Kg1 Rh3 82. Kg2 Rg3+ 83. Kf2 Rg4 84. Rh7 e4 85. Rf7+ Ke5 86. Rh7 Rf4+ 87. Ke3 Rf3+ 88. Ke2 Rh3 89. Rh6 Kf5 90. Rh8 Rh2+ 91. Ke3 Rh3+ 92. Ke2 Kg4 93. Rg8 Kf5 94. Rh8 1/2-1/2


[Site "https://www.chess.com"]

[Event "Titled Tuesday Blitz February 28 Early 2023"]
[White "Kamsky, Gata"]
[Black "Bettalli, Francesco"]
[WhiteFideId "2000024"]
[BlackFideId "2816453"]
[WhiteElo "2666"]
[BlackElo "2216"]
[Result "1/2-1/2"]
[Round "01"]
[TimeControl "180+2"]
[Date "2023.02.28"]
[WhiteClock "0:00:21"]
[BlackClock "0:01:28"]

1. d4 g6 2. c3 Bg7 3. Nf3 c6 4. e4 d5 5. Nbd2 dxe4 6. Nxe4 Nf6 7. Nxf6+ Bxf6 8. Bh6 Nd7 9. Be2 Qb6 10. Qb3 Nf8 11. O-O Be6 12. Bc4 Bxc4 13. Qxc4 Ne6 14. Rfe1 O-O-O 15. b4 Rd5 16. Be3 Rhd8 17. a4 a6 18. Nd2 Bg5 19. Bxg5 Rxg5 20. Ne4 Rh5 21. Nc5 Nxc5 22. bxc5 Qc7 23. g3 e5 24. Re4 exd4 25. cxd4 Rhd5 26. Rae1 Kb8 27. Qb4 f5 28. Re8 Ka7 29. Rxd8 Qxd8 30. Rd1 a5 31. Qc3 f4 32. Rd3 fxg3 33. hxg3 h5 34. Qd2 g5 35. Qe3 h4 36. Kg2 1/2-1/2


[Site "https://www.chess.com"]

[Event "Titled Tuesday Blitz February 28 Early 2023"]
[White "Eynullayev, Atilla"]
[Black "Bruzon Batista, Lazaro"]
[WhiteFideId "13413570"]
[BlackFideId "3503739"]
[WhiteElo "2181"]
[BlackElo "2709"]
[Result "1/2-1/2"]
[Round "01"]
[TimeControl "180+2"]
[Date "2023.02.28"]
[WhiteClock "0:01:29"]
[BlackClock "0:01:50"]

1. d4 Nf6 2. c4 e6 3. Nc3 Bb4 4. e3 O-O 5. Bd3 c5 6. Nf3 d5 7. cxd5 exd5 8. dxc5 Nbd7 9. Bd2 Nxc5 10. Be2 Ne6 11. a3 Ba5 12. O-O a6 13. Na4 Bc7 14. Rc1 Bd7 15. Bb4 Re8 16. Nc5 Nxc5 17. Bxc5 Rc8 18. Bd4 Ne4 19. Qb3 Bg4 20. Qxb7 Bxf3 21. Bxf3 Bxh2+ 22. Kxh2 Rxc1 23. Rxc1 Qh4+ 24. Kg1 Qxf2+ 25. Kh2 Qg3+ 26. Kg1 Qf2+ 27. Kh2 Qh4+ 28. Kg1 Qf2+ 1/2-1/2


[Site "https://www.chess.com"]

[Event "Titled Tuesday Blitz February 28 Early 2023"]
[White "Svane, Frederik"]
[Black "Kouskoutis, Georgios-Alexandros"]
[WhiteFideId "12923044"]
[BlackFideId "4234049"]
[WhiteElo "2502"]
[BlackElo "2149"]
[Result "1-0"]
[Round "01"]
[TimeControl "180+2"]
[Date "2023.02.28"]
[WhiteClock "0:01:48"]
[BlackClock "0:00:01"]

1. e4 c5 2. Nf3 e6 3. g3 Nc6 4. Bg2 e5 5. O-O g6 6. a4 Bg7 7. Na3 Nge7 8. Nc4 d6 9. d3 O-O 10. Re1 h6 11. c3 Be6 12. Ne3 f5 13. Nh4 f4 14. Nd5 g5 15. Nxe7+ Nxe7 16. Nf5 Nxf5 17. exf5 Bxf5 18. Bxb7 Rb8 19. Bd5+ Kh8 20. a5 Qf6 21. g4 Bd7 22. Qf3 h5 23. h3 Bh6 24. Kg2 Kg7 25. Rb1 Rh8 26. b4 cxb4 27. Rxb4 Qd8 28. Ba3 Kf6 29. d4 Bf8 30. Qe4 Qc7 31. Rc4 Qxa5 32. dxe5+ Kg7 33. exd6 Qxa3 34. Qe5+ Kh7 35. Rc7 Rd8 36. Qf5+ Kg7 37. Qf7+ Kh6 38. Qf6+ 1-0


[Site "https://www.chess.com"]

[Event "Titled Tuesday Blitz February 28 Early 2023"]
[White "Degenbaev, Aziz"]
[Black "Esipenko, Andrey"]
[WhiteFideId "13802640"]
[BlackFideId "24175439"]
[WhiteElo "2152"]
[BlackElo "2615"]
[Result "0-1"]
[Round "01"]
[TimeControl "180+2"]
[Date "2023.02.28"]
[WhiteClock "0:00:02"]
[BlackClock "0:01:06"]

1. e4 c6 2. d4 d5 3. e5 c5 4. dxc5 e6 5. a3 Bxc5 6. Qg4 Ne7 7. Nf3 Nbc6 8. b4 Bb6 9. Bd3 Ng6 10. Bb2 Bc7 11. h4 Kf8 12. Qg3 f6 13. Bxg6 hxg6 14. Qxg6 Nxe5 15. Nxe5 Bxe5 16. Bxe5 fxe5 17. Rh3 e4 18. Nc3 Qf6 19. Qxf6+ gxf6 20. O-O-O Ke7 21. h5 Bd7 22. Rdh1 Rag8 23. g3 Rh6 24. Rh4 Rg5 25. Ne2 Be8 26. Nf4 Kd6 27. Rd1 b5 28. Ng2 Rf5 29. Rxe4 Bxh5 30. g4 Rxf2 31. gxh5 Rxg2 32. Re3 Rxh5 33. Rc3 Rh4 34. Rc8 Rc4 0-1


[Site "https://www.chess.com"]

[Event "Titled Tuesday Blitz February 28 Early 2023"]
[White "Chigaev, Maksim"]
[Black "Berkes, Ferenc"]
[WhiteFideId "4108116"]
[BlackFideId "718572"]
[WhiteElo "2547"]
[BlackElo "2664"]
[Result "1-0"]
[Round "01"]
[TimeControl "180+2"]
[Date "2023.02.28"]
[WhiteClock "0:00:30"]
[BlackClock "0:01:03"]

1. Nf3 Nf6 2. c4 g6 3. Nc3 Bg7 4. e4 d6 5. d4 O-O 6. Be2 e5 7. O-O Bg4 8. d5 Bxf3 9. Bxf3 a5 10. Be3 Na6 11. a3 Nd7 12. Rb1 f5 13. b4 f4 14. Bd2 h5 15. Na4 Qe7 16. c5 dxc5 17. b5 Nab8 18. b6 c6 19. Qb3 Kh7 20. Rfd1 Rc8 21. Rbc1 Na6 22. Qc4 Bf8 23. Be1 cxd5 24. exd5 Qd6 25. Nc3 Nxb6 26. Qe4 c4 27. Bxh5 Nc5 28. Qb1 Nd3 29. Ne4 Qd8 30. Bg4 Nxc1 31. Rxc1 Nxd5 32. Bxc8 Rxc8 33. Qxb7+ Rc7 34. Qxd5 Qxd5 35. Nf6+ Kg7 36. Nxd5 Rc5 37. Nb6 e4 38. Nxc4 a4 39. Bc3+ Kh6 40. Bb4 Rc8 41. Bxf8+ Rxf8 42. Nd6 e3 43. fxe3 fxe3 44. Re1 Rd8 45. Nf7+ 1-0


[Site "https://www.chess.com"]

[Event "Titled Tuesday Blitz February 28 Early 2023"]
[White "Ronka, Erik"]
[Black "Grigoriants, Sergey"]
[WhiteFideId "505080"]
[BlackFideId "4130804"]
[WhiteElo "2264"]
[BlackElo "2502"]
[Result "0-1"]
[Round "01"]
[TimeControl "180+2"]
[Date "2023.02.28"]
[WhiteClock "0:00:09"]
[BlackClock "0:00:10"]

1. e4 c5 2. Nf3 Nc6 3. d4 cxd4 4. Nxd4 e6 5. Nc3 a6 6. Nxc6 bxc6 7. Bd3 d5 8. O-O Nf6 9. Re1 Be7 10. e5 Nd7 11. Qg4 g6 12. Bh6 Rb8 13. Nd1 Rb4 14. c4 dxc4 15. a3 Rb5 16. Bxc4 Nxe5 17. Qe4 f5 18. Qe2 Nxc4 19. Qxc4 Kf7 20. b4 Qd5 21. Qe2 Bf6 22. Rc1 c5 23. Nc3 Bxc3 24. Rxc3 Bb7 25. Qf1 Rd8 26. bxc5 Rxc5 27. Rce3 Rc6 28. h4 a5 29. Bg5 Ba6 30. R3e2 Rd7 31. f3 e5 32. Qf2 Bxe2 33. Qxe2 Re6 34. f4 exf4 35. Qf2 Qd4 36. Qxd4 Rxe1+ 37. Kf2 Rxd4 38. Kxe1 Rd3 39. a4 Rd4 40. Kf2 Rxa4 41. h5 gxh5 42. Kf3 Rc4 43. Bh4 a4 44. Kf2 a3 45. Kg1 a2 46. Kh2 a1=Q 47. Bf2 Qf1 48. Kh3 Qxf2 49. g4 Qg3# 0-1


[Site "https://www.chess.com"]

[Event "Titled Tuesday Blitz February 28 Early 2023"]
[White "Steinberg, Nitzan"]
[Black "Khandelwal, Ankush"]
[WhiteFideId "2801795"]
[BlackFideId "413470"]
[WhiteElo "2486"]
[BlackElo "2263"]
[Result "1-0"]
[Round "01"]
[TimeControl "180+2"]
[Date "2023.02.28"]
[WhiteClock "0:01:17"]
[BlackClock "0:00:58"]

1. d4 Nf6 2. Nf3 e6 3. c4 d5 4. Nc3 Be7 5. cxd5 exd5 6. Bg5 O-O 7. e3 c6 8. Bd3 Bg4 9. Qc2 h6 10. Bf4 Na6 11. a3 Nc7 12. Ne5 Bd7 13. O-O Ne6 14. Bg3 Nh5 15. Bh7+ Kh8 16. Bf5 Nxg3 17. hxg3 Bf6 18. Nf3 Re8 19. Rfe1 Ng5 20. Bxd7 Qxd7 21. Nh2 Ne4 22. Nxe4 Rxe4 23. b4 a5 24. Rab1 axb4 25. axb4 Rae8 26. Rec1 h5 27. Nf3 g5 28. b5 g4 29. Nd2 R4e6 30. Qf5 h4 31. Qh5+ Kg8 32. Qxg4+ Kf8 33. bxc6 bxc6 34. gxh4 Ke7 35. Nb3 Rh8 36. Nc5 Rxh4 37. Qxh4 Bxh4 38. Nxd7 1-0


[Site "https://www.chess.com"]

[Event "Titled Tuesday Blitz February 28 Early 2023"]
[White "Kuzmin, Roman"]
[Black "Timofeev, Artyom"]
[WhiteFideId "44134932"]
[BlackFideId "4140419"]
[WhiteElo "2146"]
[BlackElo "2586"]
[Result "0-1"]
[Round "01"]
[TimeControl "180+2"]
[Date "2023.02.28"]
[WhiteClock "0:00:08"]
[BlackClock "0:01:17"]

1. e4 c5 2. Nf3 d6 3. d4 cxd4 4. Nxd4 Nf6 5. Nc3 g6 6. Be3 Bg7 7. Be2 Nc6 8. Qd2 O-O 9. O-O-O Bd7 10. h4 h5 11. Nb3 a5 12. a4 Rc8 13. Bh6 Nb4 14. Bxg7 Kxg7 15. Kb1 Qb6 16. f3 Be6 17. Nd4 Rc5 18. g4 Rfc8 19. Bb5 hxg4 20. Nxe6+ fxe6 21. fxg4 Rxc3 22. bxc3 Nxe4 23. Qc1 Nxc3+ 24. Ka1 Nxd1 25. Rxd1 Qc5 26. c4 Qe5+ 27. Kb1 Qe4+ 28. Ka1 Qxg4 29. Qc3+ e5 30. h5 Qxh5 31. Rf1 Rf8 32. Rxf8 Kxf8 33. c5 Qd1+ 34. Kb2 Qd4 0-1


[Site "https://www.chess.com"]

[Event "Titled Tuesday Blitz February 28 Early 2023"]
[White "Kozak, Adam"]
[Black "Manukyan, Sargis V."]
[WhiteFideId "753246"]
[BlackFideId "13303465"]
[WhiteElo "2469"]
[BlackElo "2236"]
[Result "1-0"]
[Round "01"]
[TimeControl "180+2"]
[Date "2023.02.28"]
[WhiteClock "0:00:06"]
[BlackClock "0:00:03"]

1. e4 e6 2. d4 d5 3. e5 c5 4. c3 Nc6 5. Nf3 Nh6 6. Bb5 Bd7 7. Bxh6 gxh6 8. O-O Nxe5 9. Nxe5 Bxb5 10. Qh5 Qf6 11. c4 Bxc4 12. Nxc4 dxc4 13. Na3 Bg7 14. Qxc5 Qxd4 15. Qb4 c3 16. Qxb7 O-O 17. Nb5 Qb6 18. Qxb6 axb6 19. bxc3 Rfc8 20. Rfc1 Ra5 21. a4 Rc4 22. Rd1 Bf6 23. Rd6 Raxa4 24. Rad1 Bxc3 25. Rxb6 Bf6 26. g3 Ra1 27. Rxa1 Bxa1 28. Nd6 Rc1+ 29. Kg2 Be5 30. Ne4 Kg7 31. Rb5 Bd4 32. Rb4 e5 33. g4 Rc2 34. Rb3 Re2 35. Kf3 Rc2 36. Rd3 Rb2 37. Rd1 Rb3+ 38. Kg2 Rb2 39. Rd3 Rb1 40. Rf3 Rb2 41. Ng3 Kg6 42. Nh5 e4 43. Rf4 e3 44. Rxd4 Rxf2+ 45. Kg3 f5 46. Rd6+ Kf7 47. Rf6+ Ke7 48. gxf5 Rf1 49. Re6+ Kf7 50. Kg4 Rg1+ 51. Ng3 h5+ 52. Kxh5 Re1 53. Kg4 e2 54. Rxe2 Rh1 55. Nxh1 1-0


[Site "https://www.chess.com"]

[Event "Titled Tuesday Blitz February 28 Early 2023"]
[White "Rodriguez Fontecha, Marcos"]
[Black "Vokhidov, Shamsiddin"]
[WhiteFideId "2256576"]
[BlackFideId "14204223"]
[WhiteElo "2263"]
[BlackElo "2570"]
[Result "0-1"]
[Round "01"]
[TimeControl "180+2"]
[Date "2023.02.28"]
[WhiteClock "0:00:03"]
[BlackClock "0:01:14"]

1. d4 f5 2. Nf3 Nf6 3. g3 g6 4. Bg2 Bg7 5. O-O d6 6. a4 O-O 7. a5 c6 8. c4 Kh8 9. Nc3 Be6 10. Qd3 Na6 11. b3 c5 12. Bb2 Nb4 13. Qd2 Bg8 14. e3 cxd4 15. exd4 a6 16. Rfe1 Qc7 17. Na4 Nc6 18. Nb6 Rae8 19. Ng5 e5 20. d5 Nd8 21. Ba3 h6 22. Nf3 Nf7 23. Qb4 g5 24. c5 Ne4 25. Rxe4 fxe4 26. Nd2 e3 27. Ne4 exf2+ 28. Kxf2 dxc5 29. Nxc5 e4 30. Rc1 e3+ 31. Kg1 e2 32. Ne6 Qe5 33. Nc4 Qf5 34. Ne3 Qd3 35. Qe4 Qd2 36. Kf2 Nd6+ 37. Kg1 Nxe4 0-1


[Site "https://www.chess.com"]

[Event "Titled Tuesday Blitz February 28 Early 2023"]
[White "Mitrabha, Guha"]
[Black "Primbetov, Kazbek"]
[WhiteFideId "5057000"]
[BlackFideId "13702297"]
[WhiteElo "2520"]
[BlackElo "2097"]
[Result "1-0"]
[Round "01"]
[TimeControl "180+2"]
[Date "2023.02.28"]
[WhiteClock "0:01:27"]
[BlackClock "0:00:26"]

1. Nf3 c5 2. c4 Nc6 3. Nc3 g6 4. d4 cxd4 5. Nxd4 Bg7 6. e3 d6 7. Be2 Nf6 8. b3 O-O 9. Bb2 Bd7 10. O-O a6 11. Qd2 Qa5 12. Rfd1 Rfc8 13. Rac1 Rab8 14. Bf3 Ne5 15. Be2 Nc6 16. h3 h5 17. a3 Qg5 18. f4 Qg3 19. Bf3 Nxd4 20. exd4 b5 21. Ne2 Qh4 22. c5 d5 23. Qe3 Bf5 24. Bc3 Ne4 25. Ba5 Rc6 26. Nc3 Nxc3 27. Bxc3 Re6 28. Qd2 Be4 29. Rf1 Bh6 30. Bxe4 Rxe4 31. Qf2 Qxf2+ 32. Rxf2 Bxf4 33. Bd2 Bxd2 34. Rxd2 Rc8 35. Kf2 Rc6 36. Rc3 f5 37. Re3 Rxe3 38. Kxe3 g5 39. h4 Re6+ 40. Kf3 g4+ 41. Kf4 Kf7 42. Kxf5 Re4 43. c6 Ke8 44. Kg5 Kd8 45. Kxh5 Kc7 46. Kg6 Kxc6 47. h5 g3 48. h6 Rg4+ 49. Kh5 Rg8 50. h7 Rf8 51. Kg6 1-0


[Site "https://www.chess.com"]

[Event "Titled Tuesday Blitz February 28 Early 2023"]
[White "Ramirez Allo, Eduardo"]
[Black "Abdrlauf, Elham"]
[WhiteFideId "2224178"]
[BlackFideId "1533533"]
[WhiteElo "2471"]
[BlackElo "2476"]
[Result "0-1"]
[Round "01"]
[TimeControl "180+2"]
[Date "2023.02.28"]
[WhiteClock "0:00:34"]
[BlackClock "0:01:16"]

1. d4 Nf6 2. Nf3 b6 3. g3 Bb7 4. Bg2 e6 5. O-O c5 6. c4 cxd4 7. Qxd4 Be7 8. Nc3 O-O 9. b3 Nc6 10. Qd1 Rc8 11. Bb2 Qc7 12. Rc1 Rfd8 13. Nd5 exd5 14. cxd5 Qb8 15. dxc6 dxc6 16. Qc2 h6 17. Rfd1 c5 18. Nh4 Bxg2 19. Kxg2 Qb7+ 20. Kg1 Qe4 21. Qxe4 Nxe4 22. Nf5 Bf8 23. f3 Ng5 24. Kf2 Ne6 25. e4 b5 26. Ne3 a5 27. a4 c4 28. bxc4 b4 29. Rxd8 Rxd8 30. Nd5 Nc5 31. Bd4 Nb3 32. Bb6 Rxd5 33. exd5 Nxc1 34. Bxa5 b3 35. Bc3 b2 36. Bxb2 Nd3+ 37. Ke3 Nxb2 38. Kd4 Nxa4 0-1


[Site "https://www.chess.com"]